 Dungeon Crawl Stone Soup version 0.28-a0-850-g09de17f5b5 (webtiles) character file.

Game seed: 10591059047380479778

16 croobank the Sneak (level 2, -2/24 HPs)
             Began as a Demonspawn Delver on Nov 13, 2021.
             Was an Initiate of Trog.
             Slain by a worm (9 damage)
             ... on level 3 of the Dungeon.
             The game lasted 00:05:12 (794 turns).

croobank the Sneak (Demonspawn Delver)               Turns: 794, Time: 00:05:12

Health: -2/24      AC:  5    Str: 12    XL:     2   Next: 37%
Magic:  2/2        EV: 12    Int: 11    God:    Trog [......]
Gold:   24         SH:  0    Dex: 20    Spells: 1/1 levels left

rFire   . . .      SeeInvis .   a - +0 hand axe
rCold   . . .      Faith    .   (no shield)
rNeg    . . .      Spirit   .   b - +0 leather armour
rPois   .          Reflect  .   (no helmet)
rElec   .          Harm     .   (no cloak)
rCorr   .          Rampage  .   (no gloves)
Will    .....                   (no boots)
Stlth   +++.......              (no amulet)
HPRegen 0.08/turn               h - +6 ring of dexterity
MPRegen 0.08/turn               (no ring)

@: no status effects
A: molten scales 1
a: Renounce Religion


You were on level 3 of the Dungeon.
You worshipped Trog.
Trog was noncommittal.
You visited 2 branches of the dungeon, and saw 4 of its levels.

You collected 24 gold pieces.

Inventory:

Hand Weapons
 a - a +0 hand axe (weapon)
Missiles
 f - 18 stones (quivered)
Armour
 b - a +0 leather armour (worn)
Jewellery
 h - a +6 ring of dexterity (left hand)
Wands
 g - a wand of digging (3)
Scrolls
 c - a scroll of fog
 d - a scroll of magic mapping
 e - a scroll of fear
 i - a scroll of immolation {unknown}


   Skills:
 + Level 3.0 Fighting
 + Level 2.1 Axes
 + Level 1.9 Dodging
 + Level 4.8 Stealth


You had one spell level left.
You didn't know any spells.
Your spell library was empty.

Dungeon Overview and Level Annotations

Branches:
Dungeon (5/15)             Temple (1/1) D:4

Altars:
Ashenzari
Cheibriados
Dithmenos
Kikubaaqudgha
Makhleb
Qazlal
Ru
Sif Muna
Trog
Uskayaw
Vehumet
Wu Jian
Xom
Yredelemnul
Zin
The Shining One

Annotations:
D:3 Grinder


Innate Abilities, Weirdness & Mutations

You are partially covered in molten scales. (AC +2)


Message History

Grinder blinks!
The giant cockroach barely misses you.
The giant cockroach bites you but does no damage.
The giant cockroach bites you but does no damage.
The giant cockroach waves its antennae.
The giant cockroach bites you. The giant cockroach closely misses you.
The giant cockroach barely misses you.
The giant cockroach waves its antennae.
The giant cockroach barely misses you. The giant cockroach closely misses you.
You barely miss the giant cockroach.
The giant cockroach closely misses you. x2
You hit the giant cockroach.
The giant cockroach is moderately wounded.
The giant cockroach barely misses you.
You hit the giant cockroach.
You kill the giant cockroach!
Trog accepts your kill.
A worm comes into view.
Found a stone staircase leading down.
You hit the worm.
The worm is lightly wounded.
The worm completely misses you.
You hit the worm but do no damage. The worm bites you.
You hit the worm but do no damage. You barely miss the worm.
The worm bites you.
You hit the worm.
The worm is moderately wounded.
The worm bites you!
You hit the worm.
The worm is moderately wounded.
The worm bites you.
* * * LOW HITPOINT WARNING * * *
Okay, then.
You hit the worm.
The worm is heavily wounded.
You hit the worm but do no damage.
The worm is heavily wounded.
The worm bites you!
You die...

.# >.. ##.. #....
#.....###########
#.....w@........#
#.....#########.#.#
#.... #.#.# #...
#.#.# #.# #.#.# #
#.#.# #.#.#
####.#.###
#......>.#


You could see a worm.

Vanquished Creatures
  An adder (D:4)
  A bat (D:3)
  An endoplasm (D:4)
  A giant cockroach (D:3)
  A hobgoblin (D:4)
  A kobold (D:4)
6 creatures vanquished.

Notes
Turn   | Place    | Note
-------+----------+-------------------------------------------
     0 | D:5      | croobank the Demonspawn Delver began the quest for the Orb.
     0 | D:5      | Reached XP level 1. HP: 18/18 MP: 1/1
   155 | D:4      | Noticed a jelly
   159 | D:4      | Gained mutation: You are partially covered in molten
                  | scales. (AC +2) [demonic ancestry]
   159 | D:4      | Reached XP level 2. HP: 15/24 MP: 2/2
   201 | D:4      | Found a broken altar of Ashenzari.
   242 | D:4      | Found a staircase to the Ecumenical Temple.
   257 | Temple   | Entered the Ecumenical Temple
   386 | Temple   | Became a worshipper of Trog the Wrathful
   719 | D:3      | Noticed Grinder
   794 | D:3      | Slain by a worm

Illustrated notes

Levels and vault maps discovered:
D:3:      layout_basic, uniq_ijyb, uniq_grinder
D:4:      layout_loops_ring, mainiacjoe_overflow_24_doors,
          mainiacjoe_overflow_boulevard, minmay_temple_entry_mist,
          corner_web_ring
D:5:      layout_layer_cave, uniq_blork_the_orc
Temple:   regret_index_temple_generic_petals

Skill      XL: |  1 |
---------------+----+-----
Axes           | 2 |  2.1
Fighting       | |  3.0
Dodging        | |  1.9
Stealth        | |  4.8

Action                   || total
-------------------------++-------
Melee: Hand axe          ||    37
  Use: Potion            ||     1
 Stab: Sleeping          ||     2
Armor: Leather armour    ||    19
Dodge: Dodged            ||    30

Table legend: (Time is in decaauts)
 A = Elapsed time spent in this place.
 B = Non-inter-level travel time spent in this place.
 C = Inter-level travel time spent in this place.
 D = Time resting spent in this place.
 E = Time spent auto-exploring this place.
 F = Levels seen in this place.
 G = Mean time per level.
                   A        B        C        D        E       F      G
               +--------+--------+--------+--------+--------+-----+--------+
         Total |    783 |    756 |     27 |     58 |    425 |   4 |  195.8 |
       Dungeon |    463 |    462 |      1 |     58 |    142 |   3 |  154.3 |
        Temple |    319 |    293 |     26 |      0 |    283 |   1 |  319.0 |
               +--------+--------+--------+--------+--------+-----+--------+

Top non-repeatable levels by time:
     D:4: 325 daAuts
  Temple: 319 daAuts
     D:3: 132 daAuts
     D:5: 6 daAuts
